Map: Galactic Process LE

Players

Gracz

  • Race: Protoss Protoss
  • League: Silver

Heretic - Winner!

  • Race: Zerg Zerg
  • League: Silver

VOD

Have the link to the VOD?

Description

Time

  • Played on: Oct. 13, 2016, 1:55 p.m.
  • Length: 16:03
Show
View Real Time Build Order
Export as new Build Order

Gracz Protoss 

Build Orders:  

Get SALT Encoding   

  12  0:02  Probe (Chrono Boost)  
  13  0:15  Pylon  
  13  0:20  Probe (Chrono Boost)  
  14  0:30  Probe (Chrono Boost)  
  14  0:34  Assimilator  
  15  0:37  Pylon  
  15  0:44  Probe (Chrono Boost)  
  16  0:59  Probe (Chrono Boost)  
  17  1:08  Gateway  
  17  1:09  Probe (Chrono Boost)  
  18  1:13  Gateway  
  18  2:06  Pylon  
  18  2:13  Nexus  
  18  2:16  Assimilator  
  17  2:35  Probe (Chrono Boost)  
  18  2:43  Nexus  
  18  2:53  Cybernetics Core  
  18  3:11  Gateway  
  18  3:15  Gateway  
  18  3:18  Warp Gate  
  18  3:20  Probe (Chrono Boost)  
  19  3:29  Probe (Chrono Boost)  
  19  3:32  Probe (Chrono Boost)  
  21  3:40  Probe (Chrono Boost)  
  22  3:41  Pylon  
  22  3:44  Probe (Chrono Boost)  
  23  3:50  Probe (Chrono Boost)  
  25  3:56  Probe (Chrono Boost)  
  25  3:57  Assimilator  
  25  4:01  Probe (Chrono Boost)  
  26  4:08  Probe (Chrono Boost)  
  26  4:09  Pylon  
  27  4:11  Probe (Chrono Boost)  
  27  4:14  Pylon, Probe (Chrono Boost)  
  29  4:17  Pylon  
  29  4:23  Probe (Chrono Boost)  
  31  4:24  Probe (Chrono Boost)  
  31  4:25  Probe (Chrono Boost)  
  32  4:39  Twilight Council  
  32  4:42  Robotics Facility  
  32  4:51  Probe x2 (Chrono Boost)  
  35  4:52  Probe (Chrono Boost)  
  35  4:59  Blink  
  35  5:03  Stargate  
  35  5:04  Stargate, Probe (Chrono Boost)  
  36  5:27  Probe x2 (Chrono Boost)  
  39  5:28  Probe (Chrono Boost)  
  39  5:30  Assimilator  
  39  5:33  Observer, Assimilator  
  39  5:34  Assimilator  
  40  5:36  Assimilator  
  40  5:38  Probe x2 (Chrono Boost)  
  40  5:41  Probe (Chrono Boost)  
  43  5:47  Phoenix  
  43  5:49  Probe x2 (Chrono Boost)  
  47  5:53  Probe (Chrono Boost)  
  48  6:18  Probe x2 (Chrono Boost)  
  51  6:19  Probe (Chrono Boost)  
  51  6:21  Dark Shrine  
  51  6:31  Probe (Chrono Boost)  
  52  6:47  Phoenix x2  
  54  6:48  Immortal  
  60  6:57  Gateway  
  60  7:05  Probe x2 (Chrono Boost)  
  60  7:06  Probe (Chrono Boost)  
  64  7:15  Probe (Chrono Boost)  
  64  7:16  Probe (Chrono Boost)  
  64  7:18  Probe (Chrono Boost)  
  64  7:20  Phoenix x2  
  70  7:26  Probe x2 (Chrono Boost)  
  72  7:33  Gateway  
  72  7:34  Gateway  
  72  8:00  Dark Templar x4  
  69  8:57  Dark Templar  
  69  8:58  Dark Templar  
  69  8:59  Dark Templar x3  
  79  9:07  Immortal  
  83  9:12  Stargate  
  83  9:27  Phoenix  
  83  9:28  Phoenix  
  87  9:31  Pylon  
  87  9:35  Pylon  
  87  9:37  Nexus  
  77  9:58  Dark Templar x5  
  79  10:15  Dark Templar  
  79  10:16  Dark Templar  
  79  10:42  Stalker x3  
  83  10:43  Stalker x2  
  88  10:50  Probe x3 (Chrono Boost)  
  88  10:51  Probe (Chrono Boost)  
  88  10:55  Stalker x2  
  95  10:58  Immortal  
  95  11:00  Probe x3 (Chrono Boost)  
  95  11:03  Probe (Chrono Boost)  
  105  11:11  Probe x2 (Chrono Boost)  
  105  11:14  Probe (Chrono Boost)  
  105  11:15  Probe (Chrono Boost)  
  107  11:21  Probe (Chrono Boost)  
  107  11:23  Pylon  
  107  11:25  Pylon  
  108  11:30  Robotics Facility  
  104  11:36  Robotics Facility  
  104  11:38  Immortal  
  96  11:43  Stargate  
  96  11:44  Stargate  
  84  11:48  Fleet Beacon  
  80  11:58  Stalker x3  
  80  11:59  Stalker  
  80  12:00  Stalker x3  
  62  12:24  Stalker  
  62  12:25  Stalker x3  
  66  12:33  Stalker  
  56  12:42  Stalker x4  
  60  12:54  Stalker  
  70  13:03  Void Ray  
  66  13:16  Pylon  
  66  13:18  Immortal x2  
  59  13:21  Void Ray  
  56  13:31  Pylon  
  45  13:34  Pylon  
  45  13:37  Pylon  
  27  14:12  Immortal  
  35  14:17  Immortal  
  31  14:30  Stargate  
  27  14:32  Pylon  
  27  14:33  Pylon  
  27  14:46  Pylon  
  27  14:48  Pylon  
  27  14:50  Pylon  
  29  14:54  Pylon  
  19  15:09  Pylon x2  
  18  15:23  Stargate  
  18  15:25  Stargate  
  18  15:26  Stargate  
  18  15:27  Stargate  
  15  15:29  Stargate  
  14  15:36  Cybernetics Core  
  14  15:38  Cybernetics Core  
  14  15:40  Gateway x2  
  14  15:43  Gateway  
Show
View Real Time Build Order
Export as new Build Order

Heretic Zerg - Winner!

Build Orders: Pool First 

Get SALT Encoding   

  12  0:05  Drone  
  13  0:13  Overlord  
  13  0:18  Drone  
  14  0:23  Extractor  
  14  0:24  Drone  
  14  0:51  Spawning Pool  
  13  1:01  Drone  
  14  1:20  Drone  
  14  1:21  Hatchery  
  14  1:25  Drone  
  15  1:30  Drone  
  16  1:35  Drone  
  18  1:47  Drone  
  18  1:54  Queen  
  20  2:09  Zergling x2  
  20  2:10  Zergling x2  
  22  2:45  Queen  
  22  2:48  Zergling x6  
  27  2:55  Overlord  
  27  2:56  Overlord  
  27  3:01  Extractor  
  26  3:08  Metabolic Boost  
  26  3:14  Drone x4  
  26  3:15  Drone x3  
  33  3:26  Spine Crawler  
  32  3:41  Zergling x2  
  32  3:42  Zergling x2  
  32  3:46  Spine Crawler  
  33  3:49  Roach Warren  
  33  3:52  Drone  
  33  3:53  Drone  
  34  4:04  Drone  
  34  4:05  Drone x2  
  37  4:17  Pneumatized Carapace  
  37  4:20  Lair  
  37  4:57  Overlord x2  
  37  4:59  Roach x3  
  43  5:02  Drone  
  44  5:24  Spine Crawler  
  43  5:28  Overlord  
  43  5:29  Spine Crawler, Overlord x2  
  43  5:32  Roach x5  
  43  5:34  Ravager x3  
  55  5:46  Infestation Pit  
  54  5:50  Extractor, Drone x2  
  54  5:52  Extractor  
  54  6:01  Overseer x2  
  54  6:17  Drone  
  54  6:18  Drone x6  
  61  6:38  Ravager x2  
  63  6:42  Spore Crawler  
  63  6:44  Spore Crawler  
  61  6:47  Spore Crawler  
  61  6:49  Spore Crawler  
  59  7:00  Drone x5  
  64  7:05  Hydralisk Den  
  63  7:13  Queen  
  63  7:14  Queen  
  67  7:25  Drone x4  
  67  7:26  Overlord, Drone  
  72  7:36  Spore Crawler  
  71  7:43  Spore Crawler  
  70  7:57  Drone x8  
  70  7:58  Drone  
  79  8:33  Hatchery  
  73  9:02  Spore Crawler  
  72  9:04  Spore Crawler  
  72  9:05  Hydralisk  
  72  9:06  Hydralisk x5  
  72  9:08  Spore Crawler  
  72  9:09  Overlord x4  
  82  9:30  Infestor x3  
  88  9:31  Infestor  
  90  9:47  Drone x5  
  95  10:24  Queen  
  95  10:28  Hydralisk  
  97  10:29  Hydralisk x11  
  120  10:52  Hive  
  120  11:24  Overlord x3  
  120  11:25  Overlord  
  80  13:54  Roach  
  80  13:55  Roach x3, Hydralisk x4  
  88  13:56  Hydralisk x6  
  104  14:37  Zergling x24  
  112  15:25  Roach x10  
  112  15:26  Roach x2  
Tags
 
Add a new tag
Caveats
  • Supply blocks, unpowered buildings, or Contaminate may cause inaccurate times.
  • Supply counts are checked every 10 seconds.